 Dungeon Crawl Stone Soup version 0.31.0-12-g77e489cdc1 (webtiles) character file.

Game seed: 9224164823959825442

993 James the Ruffian (level 8, -6/81 HPs)
             Began as an Octopode Shapeshifter on Feb 28, 2024.
             Mangled by a troll (10 damage)
             ... on level 6 of the Dungeon.
             The game lasted 00:25:24 (6610 turns).

James the Ruffian (Octopode Shapeshifter)           Turns: 6610, Time: 00:25:24

Health: -6/81      AC: 24    Str: 15    XL:     8   Next: 19%
Magic:  8/8        EV:  2    Int: 12    God:
Gold:   54         SH:  0    Dex: 12    Spells: 7/7 levels left

rFire   . .          .
                       - Unarmed
rCold   . . .        (no shield)
rNeg    + . .        (helmet currently unavailable)
rPois   +            (no amulet)
rElec   .            y - ring of positive energy
rCorr   .            (no ring)
SInv    .            (no ring)
Will    .....        (no ring)
Stlth   ++           (no ring)
HPRegen 0.33/turn    (no ring)
MPRegen 0.11/turn    (no ring)
                     (no ring)

%: no passive effects
@: tree-form
A: stationary, stasis, torment immunity, boosted hp, almost no armour,
(amphibious), 8 rings, (camouflage 1), (gelatinous body 1), (nimble swimmer 1),
(tentacles)
a: no special abilities


You were on level 6 of the Dungeon.
You were a tree.
You visited 1 branch of the dungeon, and saw 6 of its levels.

You collected 273 gold pieces.
You spent 219 gold pieces at shops.

Inventory:

Hand Weapons
 a - a +0 trident
   (You took it off a hobgoblin on level 3 of the Dungeon)
 b - a +1 sling
   (You took it off a goblin on level 2 of the Dungeon)
 l - a +1 dagger of venom
   (You took it off a goblin on level 3 of the Dungeon)
 o - the +10 long sword "Wextamod" {drain, *Corrode rPois Int+2 Dex+4}
   (You found it on level 4 of the Dungeon)

   Int+2:     It affects your intelligence (+2).
   Dex+4:     It affects your dexterity (+4).
   rPois:     It protects you from poison *Corrode: It may corrode you when you
   take damage.
Missiles
 d - 56 stones (quivered)
 j - 18 poisoned darts
 B - 2 throwing nets {!f}
Magical Staves
 f - a staff of fire
   (You found it on level 1 of the Dungeon)
 n - a staff of earth
   (You found it on level 2 of the Dungeon)
Jewellery
 y - a ring of positive energy (left branch)
   (You found it on level 6 of the Dungeon)
Talismans
 c - a flux talisman
 p - a beast talisman
 w - a granite talisman
   (You found it on level 3 of the Dungeon)
Wands
 m - a wand of quicksilver (2)
   (You found it on level 2 of the Dungeon)
 u - a wand of paralysis (8)
   (You found it on level 6 of the Dungeon)
Scrolls
 g - 3 scrolls of teleportation {@r4}
 h - 2 scrolls of identify {@r1}
 q - a scroll of fear
 s - a scroll of immolation {!r}
 t - 2 scrolls of blinking
 v - 2 scrolls of vulnerability {!r}
 A - a scroll of summoning
Potions
 e - 2 potions of curing {@q1}
 i - 2 potions of might
 k - 2 potions of invisibility
 z - a potion of mutation {unknown}


   Skills:
 - Level 4.0 Fighting
 - Level 2.0 Dodging
 - Level 4.0 Stealth
 + Level 6.0 Unarmed Combat
 - Level 6.0 Shapeshifting


You had 7 spell levels left.
You didn't know any spells.
Your spell library contained the following spells:

 Spells                   Type           Power      Damage    Failure   Level
 Lesser Beckoning         Tloc           0%         N/A       45%         2
 Mercury Vapours          Alch/Air       0%         N/A       45%         2
 Gell's Gravitas          Tloc           0%         N/A       69%         3
 Mephitic Cloud           Conj/Alch/Air  0%         N/A       69%         3
 Teleport Other           Tloc           0%         N/A       69%         3
 Freezing Cloud           Conj/Ice/Air   0%         6-21      100%        5


Dungeon Overview and Level Annotations

Branches:
Dungeon (6/15)
 Temple: D:4-7

Altars:
Xom

Shops:
D:3 ?

Annotations:
D:4 exclusion: acid dragon
D:5 Edmund
D:6 Blork the orc


Innate Abilities, Weirdness & Mutations

You are a tree.
Your roots penetrate the ground, keeping you stationary.
You cannot be teleported.
You are immune to unholy pain and torment.
Your maximum health is greatly increased.
You cannot wear most types of armour.
((You are amphibious.))
You can wear up to eight rings at the same time.
((Your skin changes colour to match your surroundings (Stealth+).))
((Your rubbery body absorbs attacks. (AC +1, EV +1)))
((You are camouflaged when in or above water. (Stealth+)))
((You have tentacles for arms and can constrict up to eight enemies at once.))


Message History

Unknown command.
You start resting.
You start waiting.
Done waiting.
You open the door.
A troll comes into view.
Found a club, 17 gold pieces and 7 stones.
There is an open door here.
The helpless troll fails to defend itself.
You tentacle-slap the troll. You squeeze the troll.
You tentacle-slap the troll. The troll closely misses you.
The troll barely misses you. x2
You tentacle-slap the troll but do no damage.
The troll bites you. The troll claws you. The troll barely misses you.
You tentacle-slap the troll. The troll barely misses you. The troll claws you.
The troll claws you!
You tentacle-slap the troll. The troll bites you. The troll barely misses you.
The troll claws you.
* * * LOW HITPOINT WARNING * * *
You closely miss the troll. The troll bites you!
* * * LOW HITPOINT WARNING * * *
The troll claws you!
* * * LOW HITPOINT WARNING * * *
The troll barely misses you. The troll attacks as it pursues you!
The troll closely misses you. The troll claws you.
* * * LOW HITPOINT WARNING * * *
The troll misses you.
Okay, then.
Unknown command.
Press: ? - help, v - describe, . - travel
Here: a troll (moderately wounded)
The floor, spattered with blood.
Okay, then.
Your transformation has ended.
You turn into a tree.
Your roots penetrate the ground.
The troll bites you but does no damage.
The troll claws you but does no damage. x2
You hit the troll but do no damage. The troll bites you.
* * * LOW HITPOINT WARNING * * *
The troll claws you but does no damage. The troll claws you.
* * * LOW HITPOINT WARNING * * *
Okay, then.
Unknown command.
You barely miss the troll. You punch the troll.
The troll bites you but does no damage.
The troll claws you but does no damage. x2
You completely miss the troll.
You smack the troll!
The troll bites you but does no damage.
The troll claws you but does no damage. x2
You hit the troll but do no damage. The troll bites you!
You die...

##.............# #
###..######.....## .#
##...## #.##### ..#
###...###### #.#
...#####....###()$###.#
...........###.....##.#
.....)....## #.....##.#
.........## #..T..##.#
........## ##.♣.###.#
.......## ###'####.#
.....### #........#
....## #........# ....#
+..8....## ....#
#.......# ....##
#.......# .....#
###+##### #....##


You could see a troll.

Vanquished Creatures
  Menkaure (D:5)
  A black bear (D:5)
  2 ice beasts
  A howler monkey (D:4)
  A bombardier beetle (D:4)
  A hound (D:4)
  2 jellies
  A sleepcap (D:5)
  2 gnoll boudas
  An orc wizard (D:5)
  An iguana (D:5)
  Robin (D:3)
  5 gnolls (D:5)
  10 adders
  A shadow imp (D:6)
  3 dart slugs (D:3)
  3 ribbon worms
  6 orcs
  6 bats
  11 endoplasms
  2 giant cockroaches
  19 goblins
  15 hobgoblins
  10 jackals
  4 quokkas
  8 ball pythons
  4 frilled lizards
  10 kobolds
  6 rats
138 creatures vanquished.

Notes
Turn   | Place    | Note
-------+----------+-------------------------------------------
     0 | D:1      | James the Octopode Shapeshifter began the quest for the
                  | Orb.
     0 | D:1      | Reached XP level 1. HP: 13/13 MP: 1/1
   264 | D:1      | Reached XP level 2. HP: 17/18 MP: 2/2
   564 | D:1      | Reached XP level 3. HP: 22/23 MP: 3/3
  1121 | D:2      | Reached XP level 4. HP: 30/30 MP: 4/4
  1838 | D:2      | Reached skill level 1 in Stealth
  2059 | D:3      | Noticed Robin
  2076 | D:2      | Reached XP level 5. HP: 20/36 MP: 5/5
  2159 | D:3      | Found a faded altar of an unknown god.
  2335 | D:3      | Killed Robin
  2655 | D:3      | Found Zetheske's Magic Scroll Boutique.
  3125 | D:3      | Bought a scroll of blinking for 82 gold pieces
  3125 | D:3      | Bought a scroll of teleportation for 33 gold pieces
  3348 | D:4      | Reached XP level 6. HP: 19/43 MP: 6/6
  3673 | D:4      | Identified the +10 long sword "Wextamod" {drain, *Corrode
                  | rPois Int+2 Dex+4}
  3679 | D:4      | Noticed an acid dragon
  4372 | D:5      | Entered Level 5 of the Dungeon
  4373 | D:5      | Noticed Menkaure
  4419 | D:5      | Noticed an ice beast
  4685 | D:5      | Killed an ice beast
  4686 | D:5      | Reached skill level 5 in Unarmed Combat
  4686 | D:5      | Reached XP level 7. HP: 20/48 MP: 7/7
  5155 | D:5      | Reached skill level 5 in Shapeshifting
  5604 | D:5      | Noticed Edmund
  5663 | D:5      | Found a shimmering altar of Xom.
  5685 | D:5      | Killed Menkaure
  5686 | D:5      | Reached XP level 8. HP: 54/54 MP: 8/8
  5910 | D:3      | Bought a scroll of summoning for 104 gold pieces
  6133 | D:6      | Noticed Blork the orc
  6594 | D:6      | Noticed a troll
  6606 | D:6      | HP: 3/81 [troll (4)]
  6610 | D:6      | Mangled by a troll

Illustrated notes

Levels and vault maps discovered:
D:1:      ebering_trefoil_3fold, layout_basic
D:2:      minmay_angry_zag, layout_loops_ring, minmay_misc_feat_four_crosses
D:3:      cheibrodos_old_hovel, layout_basic, serial_shops,
          nicolae_shop_crystal, dreamdust_ecumenical_altar_angels_and_demons,
          uniq_robin
D:4:      layout_loops_ring, minmay_manual_moon
D:5:      layout_basic, mainiacjoe_overflow_alcove_2, uniq_edmund, uniq_menkaure
D:6:      layout_layer_cave, gammafunk_temple_overflow_pools,
          minmay_shop_damaged, minmay_three_doors, uniq_blork_the_orc

Skill      XL: |  1  2  3  4  5  6  7  8 |
---------------+-------------------------+-----
Unarmed Combat | 4 5 6 |  6.0
Fighting       | 2 3 4 |  4.0
Stealth        | 2 4 |  4.0
Shapeshifting  | 4 5 6 |  6.0
Dodging        | |  2.0

Action                     |  1- 3 |  4- 6 |  7- 9 || total
---------------------------+-------+-------+-------++-------
  Melee: Unarmed           |    70 |   180 |    63 ||   313
         Tentacles         |    16 |    27 |    13 ||    56
         Constrict         |    12 |    40 |    15 ||    67
         Punch             |     2 |     7 |     3 ||    12
  Evoke: Wand              |       |     1 |     1 ||     2
    Use: Scroll            |       |    11 |     3 ||    14
         Potion            |       |     3 |     2 ||     5
   Stab: Sleeping          |     8 |    14 |     3 ||    25
         Distracted        |     1 |       |       ||     1
 Armour: Skin              |    18 |    89 |    46 ||   153
  Dodge: Dodged            |    25 |    84 |    32 ||   141
